Map: Automaton LE

Players

Yaldabaoth

  • Race: Terran Terran
  • League: Gold
  • Spawn Location: 9:00

AndyMills - Winner!

  • Race: Protoss Protoss
  • League: Gold
  • Spawn Location: 3:00

VOD

Have the link to the VOD?

Description

Time

  • Played on: Feb. 7, 2019, 9:09 a.m.
  • Length: 8:10
Show
View Real Time Build Order
Export as new Build Order

Yaldabaoth Terran 

Build Orders:  

Get SALT Encoding   

  12  0:01  SCV  
  13  0:17  Supply Depot  
  13  0:18  SCV  
  14  0:30  SCV  
  15  0:40  Barracks  
  15  0:42  SCV  
  16  0:48  Refinery  
  16  0:54  SCV  
  17  1:06  SCV  
  18  1:19  SCV  
  19  1:30  Supply Depot  
  19  1:35  Orbital Command  
  19  1:45  Barracks, Barracks Reactor  
  19  1:54  Refinery  
  19  1:59  Engineering Bay  
  19  2:01  SCV  
  20  2:14  SCV  
  21  2:23  Marine x2  
  21  2:26  SCV  
  21  2:28  Supply Depot  
  24  2:32  Barracks Tech Lab  
  24  2:34  Barracks  
  24  2:38  SCV  
  24  2:43  Marine x2  
  27  2:51  Supply Depot  
  27  2:55  SCV  
  28  2:59  Terran Infantry Weapons Level 1  
  28  3:00  Stimpack  
  28  3:10  Marine x2  
  30  3:14  Marine  
  30  3:19  Supply Depot  
  31  3:23  Barracks Reactor  
  31  3:26  Barracks  
  31  3:31  Marine x2  
  31  3:33  Marine  
  34  3:49  Factory  
  34  3:53  Marine  
  34  3:54  Marine x2  
  37  4:01  Marine x2  
  39  4:13  Barracks Reactor  
  39  4:17  Supply Depot  
  39  4:18  Marine  
  39  4:19  Marine  
  39  4:20  Marine  
  39  4:21  Marine x2  
  44  4:36  Factory Tech Lab  
  44  4:40  Starport  
  43  5:07  Combat Shield  
  43  5:09  Command Center  
  43  5:16  SCV  
  43  5:18  Starport Tech Lab  
  44  5:28  SCV  
  30  5:53  Marine x5  
  30  5:54  Marine x2  
  33  6:08  Siege Tank  
  33  6:11  Marine x5  
  37  6:13  Terran Infantry Armor Level 1  
  41  6:29  Concussive Shells  
  41  6:36  SCV  
  41  6:38  SCV  
  43  6:42  Refinery  
  43  6:48  SCV  
  43  6:50  Medivac x2, SCV  
  49  6:56  Marine x2  
  49  6:58  Marauder  
  49  7:00  SCV, Marauder  
  56  7:02  SCV  
  51  7:12  SCV  
  51  7:14  Marine  
  51  7:15  Marine x3  
  48  7:19  Marine  
  48  7:21  Marine  
  40  7:25  SCV  
  39  7:32  Marine  
  39  7:33  Marine x3  
  39  7:36  Marine  
  39  7:39  Marine  
  29  7:50  Marine x2  
Show
View Real Time Build Order
Export as new Build Order

AndyMills Protoss - Winner!

Build Orders: 1 Gate Expand 

Get SALT Encoding   

  12  0:01  Probe  
  13  0:17  Pylon  
  13  0:21  Probe  
  14  0:31  Probe  
  15  0:39  Probe  
  15  0:40  Gateway  
  15  0:48  Probe  
  17  0:58  Assimilator, Probe  
  18  1:06  Probe  
  19  1:20  Probe  
  20  1:33  Nexus  
  20  1:45  Cybernetics Core  
  20  1:53  Probe  
  21  1:59  Pylon  
  21  2:05  Probe  
  22  2:14  Assimilator  
  22  2:17  Probe  
  22  2:21  Stalker  
  22  2:22  Warp Gate  
  25  2:29  Probe  
  26  2:38  Probe  
  27  2:55  Pylon  
  26  3:01  Gateway  
  26  3:02  Gateway  
  26  3:05  Gateway  
  26  3:06  Probe x2  
  28  3:21  Probe  
  28  3:23  Probe  
  30  3:33  Probe  
  31  3:35  Probe  
  32  3:45  Probe  
  32  3:47  Probe  
  34  3:54  Robotics Facility  
  34  3:57  Probe  
  34  3:59  Probe  
  34  4:01  Twilight Council  
  36  4:03  Forge  
  36  4:08  Pylon  
  36  4:13  Stalker x2  
  40  4:18  Probe x2  
  42  4:30  Probe x2  
  44  4:31  Shield Battery  
  44  4:34  Pylon  
  44  4:41  Observer  
  44  4:43  Sentry  
  44  4:45  Stalker  
  49  4:46  Stalker  
  49  4:48  Stalker  
  49  4:49  Charge, Protoss Ground Weapons Level 1  
  51  5:10  Zealot x3  
  51  5:11  Zealot  
  59  5:26  Zealot x3  
  65  5:35  Shield Battery  
  45  5:43  Zealot x3  
  45  5:44  Zealot  
  47  6:03  Probe x2  
  49  6:05  Gateway x2, Zealot x2  
  49  6:08  Gateway  
  53  6:15  Warp Prism, Probe x2  
  57  6:24  Zealot  
  57  6:25  Zealot  
  61  6:26  Zealot  
  61  6:27  Zealot  
  65  6:35  Assimilator  
  65  6:38  Assimilator  
  65  6:41  Probe x2  
  61  7:33  Zealot x4  
  67  7:40  Zealot  
  69  7:46  Pylon  
  69  7:48  Pylon  
  69  7:50  Pylon  
  69  8:06  Zealot x4  
Tags
 
Add a new tag
Caveats
  • Supply blocks, unpowered buildings, or Contaminate may cause inaccurate times.
  • Supply counts are checked every 10 seconds.